 Dungeon Crawl Stone Soup version 0.28-a0-909-g796cbd3a86 (webtiles) character file.

Game seed: 16016188820365131645

10992 ytrimaz the Fighter (level 11, -3/91 HPs)
             Began as a Demonspawn Berserker on Nov 24, 2021.
             Was a Priest of Trog.
             Slain by a five-headed hydra (9 damage)
             ... on level 11 of the Dungeon.
             The game lasted 00:17:38 (13732 turns).

ytrimaz the Fighter (Demonspawn Berserker)         Turns: 13732, Time: 00:17:39

Health: -3/91      AC: 10    Str: 20    XL:     11   Next: 43%
Magic:  11/11      EV: 18    Int:  9    God:    Trog [***...]
Gold:   648        SH:  5    Dex: 13    Spells: 10/10 levels left

rFire   . . .      SeeInvis .   x - +0 bardiche
rCold   + . .      Faith    .   (shield currently unavailable)
rNeg    . . .      Spirit   .   k - +0 troll leather armour
rPois   .          Reflect  +   (helmet restricted)
rElec   .          Harm     .   n - +1 cloak
rCorr   .          Rampage  .   (no gloves)
Will    .....                   a - +0 pair of boots
Stlth   +.........              z - amulet of reflection
HPRegen 1.25/turn               F - ring of protection from cold
MPRegen 0.12/turn               c - +4 ring of evasion

@: about to teleport
A: antennae 1, rugged brown scales 2, demonic guardian 2, powered by pain 2
a: Renounce Religion, Berserk, Trog's Hand


You were on level 11 of the Dungeon.
You worshipped Trog.
Trog was most pleased with you.
You visited 2 branches of the dungeon, and saw 12 of its levels.

You collected 648 gold pieces.

Inventory:

Hand Weapons
 x - a +0 bardiche (weapon)
 A - a +2 spear of freezing
 D - a +0 glaive of protection
Missiles
 m - 7 boomerangs
 r - a throwing net (quivered)
 t - 39 poisoned darts
Armour
 a - a +0 pair of boots (worn)
 k - a +0 troll leather armour (worn)
 n - a +1 cloak (worn)
 y - a +2 scale mail of poison resistance
 B - a +0 buckler
Jewellery
 c - a +4 ring of evasion (right hand)
 f - a ring of flight
 g - a +6 ring of dexterity
 h - a ring of willpower
 l - an amulet of guardian spirit
 o - a +6 ring of intelligence
 s - a +6 ring of strength
 z - an amulet of reflection (around neck)
 F - a ring of protection from cold (left hand)
Wands
 d - a wand of iceblast (7)
 j - a wand of flame (22)
 C - a wand of paralysis (6)
Scrolls
 q - a scroll of enchant weapon
 v - a scroll of magic mapping
 w - 4 scrolls of noise
Potions
 b - 2 potions of curing
 e - a potion of berserk rage
 i - a potion of resistance
 p - 3 potions of ambrosia
 u - a potion of magic
 E - a potion of haste {unknown}


   Skills:
 * Level 8.9 Fighting
 - Level 7.2(9.1) Axes
 + Level 8.4(9.6) Polearms
 * Level 7.0 Armour
 + Level 7.4 Dodging
 - Level 2.6 Shields


You had 10 spell levels left.
You didn't know any spells.
Your spell library was empty.

Dungeon Overview and Level Annotations

Branches:
Dungeon (11/15)            Temple (1/1) D:5            Lair (0/6) D:8
    Orc (0/2) D:11

Altars:
Ashenzari
Cheibriados
Dithmenos
Elyvilon
Fedhas
Gozag
Hepliaklqana
Kikubaaqudgha
Makhleb
Nemelex Xobeh
Okawaru
Qazlal
Ru
Sif Muna
Trog
Uskayaw
Vehumet
Wu Jian
Xom
Yredelemnul
Zin
The Shining One

Shops:
D:3 (   D:7 :

Annotations:
D:8 exclusion: oklob plant
D:11 exclusion: orange crystal statue


Innate Abilities, Weirdness & Mutations

You have a pair of small antennae on your head.
You are mostly covered in rugged brown scales. (AC +2, +5% HP)
A demonic guardian rushes to your aid.
You sometimes gain power by taking damage.


Message History

You block the five-headed hydra's attack. x2
The five-headed hydra bites you but does no damage.
The five-headed hydra completely misses you.
The five-headed hydra bites you but does no damage. x2
The five-headed hydra closely misses you.
The five-headed hydra bites you.
The orc wizard gestures wildly while chanting.
The orc wizard flickers and vanishes!
The orc warrior barely misses you.
The five-headed hydra barely misses you.
The five-headed hydra bites you. The five-headed hydra bites you!
The five-headed hydra bites you.
The five-headed hydra completely misses you.
Unknown command.
You hit the orc warrior but do no damage.
The orc warrior misses you. The five-headed hydra bites you.
The five-headed hydra bites you but does no damage.
The five-headed hydra misses you.
The five-headed hydra closely misses you.
You block the five-headed hydra's attack.
The orc warrior completely misses you.
As you read the scroll of teleportation, it crumbles to dust.
You feel strangely unstable. The five-headed hydra bites you! x2
The five-headed hydra bites you. The five-headed hydra bites you!
The five-headed hydra misses you.
The orc warrior hits you but does no damage.
Unknown command.
You closely miss the orc warrior.
The five-headed hydra completely misses you.
The five-headed hydra bites you!
* * * LOW HITPOINT WARNING * * *
A demonic guardian appears!
The five-headed hydra misses you. The five-headed hydra bites you.
* * * LOW HITPOINT WARNING * * *
The five-headed hydra bites you.
* * * LOW HITPOINT WARNING * * *
The orc warrior barely misses you.
The five-headed hydra closely misses you.
The five-headed hydra bites you!
You die...

* *,******,,...##..* **
*,,,,,,,,*....##.*
,****,,****,*##....#.##########
,,,,,,,****,##.....#..........#
,,,,,,,*,,,,,.....,,#.o....#*>*
,,***,,*,**,,*...*,,#.#.##.##,*
**,,,,,,,,,,*,#o#**,#.#.#...#,#
**,**,,,,,,*,*#D#####.#{##.##.#
**,**,**,*,*,*#4@o{$..#.o.....#
,,,,,,**,*,*,*############.####
************** *** ##* #...#
,*******8***8***,*##8#* #...#
**≈≈≈,*,,,*,,,*,,,#...#*#.o.#
,*≈≈,,*,,,,,,,,,,,.....##.###
,*≈>,,+,,,,,,,,,,,.o.o.{#o#
,*≈≈,,*,,,,,,,,,,,ooo.....#
**≈≈≈,*,,,*,,,*,,o#...###.#


You could see a five-headed hydra (ally target), 2 orc warriors and a friendly
hellwing (summoned).

Vanquished Creatures
  2 two-headed ogres (D:9)
  Erica (D:9)
  Pikel (D:8)
  Psyche (D:10)
  2 kobold demonologists (D:10)
  2 trolls
  A meliai zombie (D:10)
  A shadow (D:9)
  Eustachio (D:6)
  A wyvern (D:8)
  16 yaks
  3 wargs (D:10)
  An acid dragon (D:10)
  2 water moccasins
  Duvessa (D:7)
  A black bear (D:5)
  5 orc warriors
  A necrophage (D:5)
  An ogre (D:4)
  A centaur (D:10)
  A phantom (D:4)
  6 kobold brigands
  A wyvern zombie (D:8)
  A wyvern skeleton (D:7)
  4 killer bees
  4 wights (D:8)
  An electric eel (D:10)
  3 howler monkeys
  Crazy Yiuf (D:4)
  3 bullfrog skeletons
  9 jellies
  3 orc priests
  4 hounds
  2 centaur skeletons (D:7)
  7 orc wizards
  2 iguanas
  A hound skeleton (D:4)
  4 adders
  An ufetubus (D:6)
  2 worms
  3 dart slugs
  20 orcs
  16 endoplasms
  3 giant cockroaches
  4 goblins
  7 hobgoblins
  3 jackals (D:2)
  15 kobolds
  4 quokkas
  4 ball pythons
  6 bats
  4 frilled lizards
  3 rats
197 creatures vanquished.

Vanquished Creatures (collateral kills)
  A hornet (D:9)
  2 yaks (D:9)
  A warg (D:10)
  A water moccasin (D:8)
  A centaur (D:8)
  Dowan (D:8)
  3 killer bees (D:10)
  A centaur zombie (D:9)
  An orc wizard (D:10)
  A howler monkey zombie (D:9)
  3 kobolds
16 creatures vanquished.

Vanquished Creatures (others)
  2 orcs (D:10)
  7 fungi (D:8)
9 creatures vanquished.

Grand Total: 222 creatures vanquished

Notes
Turn   | Place    | Note
-------+----------+-------------------------------------------
     0 | D:1      | ytrimaz the Demonspawn Berserker began the quest for the
                  | Orb.
     0 | D:1      | Reached XP level 1. HP: 18/18 MP: 1/1
   403 | D:1      | Gained mutation: You are partially covered in rugged brown
                  | scales. (AC +1, +3% HP) [demonic ancestry]
   403 | D:1      | Reached XP level 2. HP: 16/24 MP: 2/2
  1429 | D:2      | Reached XP level 3. HP: 29/29 MP: 3/3
  1599 | D:2      | Reached ** piety under Trog
  2012 | D:2      | Found a faded altar of an unknown god.
  2260 | D:2      | Gained mutation: You have a pair of small antennae on your
                  | head. [demonic ancestry]
  2260 | D:2      | Reached XP level 4. HP: 36/36 MP: 4/4
  3213 | D:3      | Found Epsacisir's Antique Weapon Boutique.
  3421 | D:4      | Noticed an ogre
  3430 | D:4      | Killed an ogre
  3431 | D:4      | Reached XP level 5. HP: 11/43 MP: 1/5
  3993 | D:4      | Noticed a phantom
  4011 | D:4      | Killed a phantom
  4012 | D:4      | Reached XP level 6. HP: 40/49 MP: 3/6
  4220 | D:4      | Reached skill level 5 in Axes
  4438 | D:4      | Found a runed translucent door.
  4439 | D:4      | Noticed Crazy Yiuf
  4446 | D:4      | Killed Crazy Yiuf
  4524 | D:5      | Entered Level 5 of the Dungeon
  5135 | D:5      | Gained mutation: A weak demonic guardian rushes to your
                  | aid. [demonic ancestry]
  5135 | D:5      | Reached XP level 7. HP: 45/55 MP: 5/7
  5487 | D:5      | Found a staircase to the Ecumenical Temple.
  5960 | Temple   | Entered the Ecumenical Temple
  6778 | D:6      | Noticed Eustachio
  6803 | D:6      | Killed Eustachio
  6804 | D:6      | Reached skill level 5 in Fighting
  6804 | D:6      | Gained mutation: You sometimes gain a little power by
                  | taking damage. [demonic ancestry]
  6804 | D:6      | Reached XP level 8. HP: 63/63 MP: 8/8
  7746 | D:7      | Noticed Duvessa
  7764 | D:7      | Killed Duvessa
  7765 | D:7      | Reached skill level 5 in Dodging
  7772 | D:7      | Noticed Dowan
  7788 | D:8      | Killed Dowan
  8287 | D:7      | Found Bateoff's Book Boutique.
  9185 | D:8      | Noticed Pikel
  9208 | D:8      | Killed Pikel
  9209 | D:8      | Reached skill level 1 in Polearms
  9209 | D:8      | Gained mutation: A demonic guardian rushes to your aid.
                  | [demonic ancestry]
  9209 | D:8      | Reached XP level 9. HP: 7/71 MP: 0/9
  9926 | D:8      | Found a staircase to the Lair.
 10058 | D:8      | Noticed an oklob plant
 10623 | D:8      | Reached skill level 5 in Armour
 10834 | D:9      | Noticed a two-headed ogre
 10836 | D:9      | Noticed a troll
 10849 | D:9      | Killed a two-headed ogre
 10850 | D:9      | Reached skill level 1 in Shields
 10891 | D:8      | Reached skill level 5 in Polearms
 11120 | D:9      | Killed a troll
 11121 | D:9      | Gained mutation: You sometimes gain power by taking damage.
                  | [demonic ancestry]
 11121 | D:9      | Reached XP level 10. HP: 79/79 MP: 10/10
 11652 | D:9      | Noticed Erica
 11659 | D:9      | Killed Erica
 11924 | D:9      | Paralysed by a hornet for 3 turns
 11981 | D:9      | Noticed a two-headed ogre
 11989 | D:9      | Killed a two-headed ogre
 12441 | D:10     | Entered Level 10 of the Dungeon
 12602 | D:10     | Noticed Psyche
 12816 | D:10     | Killed Psyche
 13053 | D:10     | Reached *** piety under Trog
 13131 | D:10     | Gained mutation: You are mostly covered in rugged brown
                  | scales. (AC +2, +5% HP) [demonic ancestry]
 13131 | D:10     | Reached XP level 11. HP: 80/90 MP: 11/11
 13689 | D:11     | Found a runed translucent door.
 13693 | D:11     | Noticed an orange crystal statue
 13725 | D:11     | Noticed a four-headed hydra
 13732 | D:11     | Slain by a five-headed hydra

Illustrated notes

Levels and vault maps discovered:
D:1:      minmay_arrival_four_circles, layout_basic
D:2:      minmay_alternating_diamond, layout_basic,
          ebering_ecumenical_altar_webs
D:3:      layout_loops_corners, serial_shops, nicolae_shop_statue_plus,
          minmay_misc_feat_ornament
D:4:      layout_basic, uniq_crazy_yiuf_cottage
D:5:      layout_basic, lemuel_temple_firewalk_a, minmay_misc_feat_alley
D:6:      layout_basic, mainiacjoe_overflow_24_doors, chequers_hall_statues_y,
          uniq_eustachio
D:7:      layout_basic, serial_shops, shop, chequers_serial_rivers_micro_d,
          uniq_duvessa
D:8:      lemuel_slime, layout_basic, lair_entry_dummy,
          ebering_dispersal_statue_hall, hellmonk_bongcloud_opening, uniq_pikel
D:9:      kennysheep_ambush_hall, layout_basic, uniq_erica
D:10:     layout_loops_cross, nooodl_orcs_dogs, uniq_psyche
D:11:     minmay_octagon_keep, layout_loops_cross, david_orc_4, serial_rivers,
          chequers_serial_rivers_micro_b, chequers_serial_rivers_micro_e,
          chequers_serial_rivers_small_3, chequers_serial_rivers_small_a,
          portal_ice_cave_rime, nrook_mini_backslash, amethyst_killhole,
          minmay_statue_crystal_thing, uniq_snorg
Temple:   compressed_dpeg_circular_temple

Skill      XL: |  1  2  3  4  5  6  7  8  9 10 11 |
---------------+----------------------------------+-----
Axes           | 3 4 5 6 7 |  7.2
Dodging        | 2 3 4 5 6 7 |  7.4
Fighting       | 4 5 6 8 |  8.9
Armour         | 2 3 4 5 6 7 |  7.0
Polearms       | 1 5 7 8 |  8.4
Shields        | 2 |  2.6

Action                   |  1- 3 |  4- 6 |  7- 9 | 10-12 || total
-------------------------+-------+-------+-------+-------++-------
Melee: Hand axe          |   123 |   155 |   180 |       ||   458
       Spear             |       |       |   149 |    87 ||   236
       Bardiche          |       |       |       |   277 ||   277
Throw: Boomerang         |       |     2 |       |       ||     2
       Throwing net      |       |       |     1 |       ||     1
Invok: Berserk           |       |     5 |     9 |     1 ||    15
       Trog's Hand       |       |       |     6 |       ||     6
  Use: Scroll            |       |     9 |     7 |     2 ||    18
       Potion            |       |       |     2 |     1 ||     3
 Stab: Sleeping          |       |       |     1 |       ||     1
Armor: Animal skin       |    25 |    20 |    70 |     2 ||   117
       Troll leather arm |       |       |       |    97 ||    97
Dodge: Dodged            |   112 |   114 |   289 |   391 ||   906
Block: Buckler           |       |       |    17 |    23 ||    40
       Other             |       |       |       |    81 ||    81
       Reflection        |       |       |       |     2 ||     2

Table legend: (Time is in decaauts)
 A = Elapsed time spent in this place.
 B = Non-inter-level travel time spent in this place.
 C = Inter-level travel time spent in this place.
 D = Time resting spent in this place.
 E = Time spent auto-exploring this place.
 F = Levels seen in this place.
 G = Mean time per level.
                   A        B        C        D        E       F      G
               +--------+--------+--------+--------+--------+-----+--------+
         Total |  13992 |  13638 |    354 |   2594 |   8608 |  12 | 1166.0 |
       Dungeon |  13910 |  13563 |    347 |   2594 |   8552 |  11 | 1264.5 |
        Temple |     81 |     74 |      7 |      0 |     56 |   1 |   81.0 |
               +--------+--------+--------+--------+--------+-----+--------+

Top non-repeatable levels by time:
     D:8: 2189 daAuts
     D:9: 1702 daAuts
     D:5: 1516 daAuts
     D:7: 1512 daAuts
     D:1: 1346 daAuts
     D:4: 1325 daAuts
     D:6: 1279 daAuts
    D:10: 1062 daAuts
     D:2: 1000 daAuts
     D:3: 907 daAuts
  Temple: 81 daAuts
    D:11: 68 daAuts
